AoeStats
← Checkmate++

Arabia

508512930Analyzed
1v1 RM · 8d ago on Sep 22, 2026· 57m 30s· 2 players
Game mode
Random Map
Map size
Tiny (2 player)
Population
200
Speed
Normal
Resources
Standard
Victory
Conquest
Starting age
Dark Age
Ending age
Imperial Age
RankedLock teamsTeams togetherTeam positionsShared explorationLock speedFull tech treeHidden civsTurbo modeCheats
Victory
Defeat
🇿🇦 Slavs · South Africa
1330
+15
🇧🇷 Bulgarians · Brazil
1300
-15
Warthog
2:37 Loom
10:49 Feudal Age
11:39 Arson
16:40 Scale Mail Armor
23:59 Castle Age
24:04 Double-Bit Axe
23:59 Horse Collar
24:11 Gold Mining
25:05 Gambesons
25:21 Squires
25:39 Chain Mail Armor
27:04 Fletching
29:53 Pikeman
32:57 Scale Barding Armor
39:01 Chain Barding Armor
39:58 Forging
39:48 Town Watch
41:31 Wheelbarrow
43:33 Iron Casting
46:30 Imperial Age
44:49 Bow Saw
46:37 Bloodlines
46:27 Husbandry
47:52 Plate Barding Armor
47:45 Heavy Plow
48:19 Conscription
49:28 Cavalier
50:05 Light Cavalry
52:50 Bodkin Arrow
54:59 Bracer
Checkmate++
5:48 Loom
8:55 Feudal Age
10:11 Double-Bit Axe
21:57 Castle Age
20:30 Fletching
23:56 Scale Barding Armor
25:46 Horse Collar
29:47 Ballistics
31:15 Bloodlines
31:05 Husbandry
32:32 Bow Saw
33:07 Pikeman
35:06 Heavy Plow
35:42 Town Watch
41:15 Imperial Age
38:49 Pikeman
39:29 Squires
41:42 Bodkin Arrow
42:08 Chain Barding Armor
42:01 Husbandry
42:47 Wheelbarrow
43:25 Conscription
43:53 Hand Cart
45:18 Scale Mail Armor
45:28 Forging
45:24 Gold Mining
46:25 Chain Mail Armor
46:19 Squires
45:48 Halberdier
45:52 Capped Ram
47:48 Detinets
48:34 Plate Mail Armor
48:39 Iron Casting
48:36 Elite Boyar
51:24 Druzhina
54:46 Light Cavalry
57:16 Blast Furnace
58:00 Plate Barding Armor
Connection lost

Rejoining the realm…

Still unreachable

The connection could not be restored.

Session expired

The server has moved on; the page needs a fresh start.